 Dungeon Crawl Stone Soup version 0.25.1-8-g42b30a86e7 (webtiles) character file.

Game seed: 3692464135065127613

451 Clowwww the Skirmisher (level 6, -7/49 HPs)
             Began as a Demonspawn Fighter on Dec 12, 2020.
             Killed by nerve-wracking pain
             ... invoked by an orc priest
              (13 damage)
             ... on level 4 of the Dungeon.
             The game lasted 00:05:06 (3407 turns).

Clowwww the Skirmisher (Demonspawn Fighter)         Turns: 3407, Time: 00:05:07

Health: -7/49      AC:  7    Str: 18    XL:     6   Next: 75%
Magic:  6/6        EV: 12    Int:  9    God:
Gold:   328        SH:  9    Dex: 13    Spells: 5/5 levels left

rFire    . . .     SeeInvis .   a - +0 war axe
rCold    . . .     Gourm    .   c - +0 kite shield
rNeg     . . .     Faith    .   b - +0 scale mail
rPois    .         Spirit   .   (no helmet)
rElec    .         Reflect  .   (no cloak)
rCorr    .         Harm     .   (no gloves)
MR       .....                  (no boots)
Stlth    ..........             l - amulet of magic regeneration
HPRegen  0.16/turn              (no ring)
MPRegen  0.35/turn              (no ring)

@: mighty, agile
A: hooves 1, demonic guardian 1, powered by pain 2
a: no special abilities


You were on level 4 of the Dungeon.
You were very hungry.

You visited 1 branch of the dungeon, and saw 5 of its levels.

You collected 328 gold pieces.

Inventory:

Hand Weapons
 a - a +0 war axe (weapon)
 w - the cursed +1 trident of Regicide {vorpal, +Blink rN+++ Str-3, unknown}
   (You found it on level 5 of the Dungeon)

   It inflicts extra damage upon your enemies.
   It affects your strength (-3).
   It renders you almost immune to negative energy.
   It lets you blink.
   It has a curse placed upon it.
Missiles
 h - 5 javelins (quivered)
Armour
 b - a +0 scale mail (worn)
 c - a +0 kite shield (worn)
Jewellery
 l - an amulet of magic regeneration (around neck)
Wands
 s - a wand of clouds (5)
Scrolls
 e - 2 scrolls of teleportation {unknown}
 i - a scroll of enchant weapon {unknown}
 k - 4 scrolls of magic mapping {unknown}
 n - 4 scrolls of remove curse {unknown}
 o - a scroll of enchant armour {unknown}
 p - 6 scrolls of identify {unknown}
 q - 2 scrolls of immolation {unknown}
 r - 2 scrolls of fear {unknown}
 u - a scroll of amnesia {unknown}
 v - a scroll of noise {unknown}
Potions
 g - 2 potions of lignification {unknown}
 j - a potion of heal wounds {unknown}
 m - 3 potions of mutation {unknown}
 t - a potion of curing {unknown}
 x - a potion of haste {unknown}
Comestibles
 f - 12 rations


   Skills:
 + Level 4.3 Fighting
 + Level 4.2 Axes
 + Level 4.0 Armour
 + Level 1.2 Dodging
 + Level 0.1 Stealth
 + Level 3.5 Shields


You had 5 spell levels left.
You didn't know any spells.
Your spell library was empty.

Dungeon Overview and Level Annotations

Branches:
Dungeon (5/15)
 Temple: D:4-7

Altars:


Innate Abilities, Weirdness & Mutations

You have large cloven feet.
A weak demonic guardian rushes to your aid.
You sometimes gain power by taking damage.


Message History

Things that are here:
a +0 dagger of speed; a +0 robe An orc comes into view.
It is wielding a +0 mace.
The orc shouts!
The orc wizard gestures at you while chanting.
The puff of flame hits you!
* * * LOW HITPOINT WARNING * * *
Something hits your iron imp but does no damage.
Something hits your iron imp.
An orc priest comes into view. It is wielding a +0 club.
The orc priest shouts!
An orc comes into view. It is wielding a +0 dagger.
An orc priest comes into view. It is wielding a +0 morningstar.
The orc priest shouts!
The orc shouts!
Okay, then.
Okay, then.
An orc wizard comes into view. It is wielding a +2 dagger of flaming.
The orc priest invokes the aid of Beogh against you.
Pain shoots through your body!
You die...

####.#.# .# ##### .# . .####
o.##. ....# .... ##..# #..#
##.# #.o# ## #oo# #
#####..##.## #.#..#
#...@......# #.#..# #######
#####.5##..####..o.## #.....#
#..........o.....
#######)#########.###.## #..o.#
##.....)........##.# #.# #..5#
....####.##.###.##o###.####...#
##..# #....# #..........5....##
#..# ####.# #.############)..#
#..# #.....# #...#


You could see 2 orc priests, 2 orcs and a friendly white imp (summoned).

Vanquished Creatures
  An ogre (D:4)
  An orc priest (D:4)
  Jessica (D:3)
  2 worker ants (D:4)
  3 orc wizards (D:4)
  7 adders
  An adder skeleton (D:4)
  A worm (D:2)
  A dart slug (D:1)
  3 leopard geckos
  6 orcs
  A giant cockroach (D:5)
  6 goblins
  9 hobgoblins
  4 jackals (D:3)
  5 kobolds
  A quokka (D:2)
  4 bats
  7 frilled lizards
  5 rats
  A fungus (D:2)
  2 toadstools (D:2)
72 creatures vanquished.

Vanquished Creatures (collateral kills)
  2 jellies (D:5)
  A worker ant (D:4)
  2 orcs (D:4)
  A leopard gecko skeleton (D:5)
6 creatures vanquished.

Vanquished Creatures (others)
  4 toadstools (D:2)
4 creatures vanquished.

Grand Total: 82 creatures vanquished

Notes
Turn   | Place    | Note
-------+----------+-------------------------------------------
     0 | D:1      | Clowwww the Demonspawn Fighter began the quest for the Orb.
     0 | D:1      | Reached XP level 1. HP: 18/18 MP: 1/1
   178 | D:1      | Gained mutation: A weak demonic guardian rushes to your
                  | aid. [demonic ancestry]
   178 | D:1      | Reached XP level 2. HP: 24/24 MP: 2/2
   926 | D:2      | Gained mutation: You have large cloven feet. [demonic
                  | ancestry]
   926 | D:2      | Reached XP level 3. HP: 29/29 MP: 3/3
  1724 | D:2      | Gained mutation: You sometimes gain a little power by
                  | taking damage. [demonic ancestry]
  1724 | D:2      | Reached XP level 4. HP: 35/35 MP: 4/4
  2305 | D:3      | Noticed Jessica
  2308 | D:3      | Killed Jessica
  2813 | D:3      | Reached XP level 5. HP: 36/41 MP: 5/5
  2969 | D:4      | Reached skill level 1 in Dodging
  3046 | D:4      | You fall into a shaft and drop 1 floor!
  3046 | D:5      | Entered Level 5 of the Dungeon
  3298 | D:5      | Got a scorched trident
  3365 | D:4      | Noticed an ogre
  3372 | D:4      | Killed an ogre
  3372 | D:4      | Gained mutation: You sometimes gain power by taking damage.
                  | [demonic ancestry]
  3372 | D:4      | Reached XP level 6. HP: 23/48 MP: 6/6
  3407 | D:4      | Killed from afar by an orc priest

Illustrated notes

Levels and vault maps discovered:
D:1:      lightli_arrival_farm, layout_loops_ring
D:2:      layout_basic, minmay_gold_behind_fungi
D:3:      layout_loops_cross, minmay_misc_feat_hallway, uniq_jessica
D:4:      layout_loops_ring, first_ration, nicolae_ossuary_entry_catacombs
D:5:      layout_basic, portal_sewer_entry_f, minivault_5

Skill      XL: |  1  2  3  4  5  6 |
---------------+-------------------+-----
Armour         | 3 4 |  4.0
Shields        | 3 |  3.5
Axes           | 2 3 4 |  4.2
Dodging        | 1 |  1.2
Fighting       | 4 |  4.3
Stealth        | |  0.1

Action                   |  1- 3 |  4- 6 || total
-------------------------+-------+-------++-------
Melee: War axe           |   106 |   102 ||   208
       Kick              |     2 |    33 ||    35
  Use: Potion            |       |     1 ||     1
  Eat: Chunk             |     3 |     4 ||     7
Armor: Scale mail        |    43 |    34 ||    77
Dodge: Dodged            |    43 |    29 ||    72
Block: Kite shield       |    61 |    49 ||   110
